 Dungeon Crawl Stone Soup version 0.28.0-53-g5a82cb258f (webtiles) character file.

Game seed: 2729618613000982475

427 SanguineChosen the Covered (level 6, -2/38 HPs)
             Began as a Gargoyle Fighter on July 18, 2022.
             Slain by Edmund
             ... wielding a +3 dire flail of pain
              (5 damage)
             ... on level 4 of the Dungeon.
             The game lasted 00:06:36 (3623 turns).

SanguineChosen the Covered (Gargoyle Fighter)       Turns: 3623, Time: 00:06:37

Health: -2/38      AC: 12    Str: 21    XL:     6   Next: 97%
Magic:  6/6        EV: 10    Int:  9    God:
Gold:   180        SH:  0    Dex:  9    Spells: 5/5 levels left

rFire   . . .      SeeInvis .   s - +4 quarterstaff (chaos)
rCold   . . .      Faith    .   (shield currently unavailable)
rNeg    + . .      Spirit   .   b - +0 scale mail
rPois   ∞          Reflect  .   (no helmet)
rElec   +          Harm     .   t - +0 cloak {rCorr}
rCorr   +          Rampage  .   (no gloves)
Will    .....                   (no boots)
Stlth   ..........              (no amulet)
HPRegen 0.12/turn               (no ring)
MPRegen 0.10/turn               (no ring)

@: no status effects
A: sickness immunity, AC +4, negative energy resistance 1, electricity
resistance, torment resistance 1, petrification resistance
a: no special abilities


You were on level 4 of the Dungeon.
You visited 1 branch of the dungeon, and saw 4 of its levels.

You collected 180 gold pieces.

Inventory:

Hand Weapons
 a - a +0 flail
 k - a +2 short sword of draining
 s - a +4 quarterstaff of chaos (weapon)
Armour
 b - a +0 scale mail (worn)
 c - a +0 buckler
 t - a +0 cloak of preservation (worn)
Jewellery
 f - a +4 ring of evasion
Wands
 n - a wand of polymorph (11)
Scrolls
 e - 2 scrolls of immolation {unknown}
 j - a scroll of enchant weapon {unknown}
 m - a scroll of enchant armour {unknown}
 o - 3 scrolls of identify {unknown}
 p - a scroll of amnesia {unknown}
Potions
 d - 2 potions of might
 g - 3 potions of mutation {unknown}
 h - 4 potions of curing {unknown}
 i - 2 potions of berserk rage {unknown}
 l - a potion of flight {unknown}
 q - a potion of ambrosia {unknown}
 r - 2 potions of brilliance {unknown}


   Skills:
 + Level 4.2 Fighting
 + Level 2.4 Short Blades
 + Level 4.0 Maces & Flails
 + Level 0.1(2.4) Staves
 + Level 4.7 Armour
 + Level 1.0 Dodging
 + Level 1.0 Stealth
 + Level 4.1 Shields
 + Level 0.6 Unarmed Combat


You had 5 spell levels left.
You didn't know any spells.
Your spell library was empty.

Dungeon Overview and Level Annotations

Branches:
Dungeon (4/15)
 Temple: D:4-7

Altars:
Cheibriados
Xom
The Shining One

Annotations:
D:4 Edmund, Grinder


Innate Abilities, Weirdness & Mutations

You are immune to sickness and miasma.
Your stone body is resilient. (AC +4)
You are immune to poison.
You resist negative energy. (rN+)
You are resistant to electric shocks. (rElec)
You are resistant to unholy torment.
You are immune to petrification.


Message History

You see here a +0 mace.
Found a snail-covered altar of Cheibriados.
An endoplasm comes into view.
The endoplasm quivers.
An endoplasm is nearby!
There is a shimmering altar of Xom here.
Grinder and Edmund come into view.
Edmund is wielding a +3 dire flail of pain.
Grinder blinks!
Grinder moves out of view.
The endoplasm hits you but does no damage.
There is a fountain of clear blue water here.
You hit the endoplasm. You burn the endoplasm.
The endoplasm is heavily wounded.
The endoplasm closely misses you.
You thump the endoplasm!
You kill the endoplasm!
Edmund hits you with a +3 dire flail of pain.
You hit Edmund but do no damage. You drain Edmund.
Edmund is lightly wounded.
Edmund hits you with a +3 dire flail of pain!
You hit Edmund.
Edmund is lightly wounded.
Edmund hits you with a +3 dire flail of pain!
Grinder gestures at you.
You suddenly lose the ability to move!
Edmund hits you with a +3 dire flail of pain.
Edmund hits you but does no damage.
You writhe in agony.
* * * LOW HITPOINT WARNING * * *
Grinder hits you.
* * * LOW HITPOINT WARNING * * *
Edmund hits you with a +3 dire flail of pain.
* * * LOW HITPOINT WARNING * * *
Grinder blinks!
You can move again.
Aiming: Polymorph
Press: ? - help, Q - select action Shift-Dir - straight line, f - Edmund
Aim: Edmund, wielding a +3 dire flail of pain and wearing a +0 chain mail (lightly wounded, lightly drained, will become a wolf, a warg, or a hornet, chance to affect: 52%) Edmund resists with significant effort.
Edmund hits you with a +3 dire flail of pain.
You die...

###########
#..........
#..........
###..........
#..._......
##.....@.##...
#.....@....##
#....⌠........
#.............
##._..._...... #
####.......##...
#########....#.5...#
..
#≈§≈§§≈#...).........
.
#≈#.##≈#..............
'.#....'..............


You could see Edmund (drained) and Grinder.

Vanquished Creatures
  A sky beast (D:3)
  A phantom (D:4)
  Crazy Yiuf (D:3)
  Natasha (thrice) (D:2)
  Robin (D:2)
  5 adders (D:3)
  A worm (D:2)
  5 dart slugs
  6 orcs
  6 bats
  11 endoplasms
  2 giant cockroaches
  13 goblins
  8 hobgoblins
  10 kobolds
  2 quokkas (D:3)
  4 ball pythons
  4 frilled lizards
  6 rats
90 creatures vanquished.

Vanquished Creatures (others)
  A withered plant (D:1)
1 creature vanquished.

Grand Total: 91 creatures vanquished

Notes
Turn   | Place    | Note
-------+----------+-------------------------------------------
     0 | D:1      | SanguineChosen the Gargoyle Fighter began the quest for the
                  | Orb.
     0 | D:1      | Reached XP level 1. HP: 14/14 MP: 1/1
    78 | D:1      | Found a faded altar of an unknown god.
   246 | D:1      | Reached XP level 2. HP: 19/19 MP: 2/2
  1127 | D:2      | Reached XP level 3. HP: 24/24 MP: 3/3
  1334 | D:2      | Noticed Robin
  1348 | D:2      | Killed Robin
  1366 | D:2      | Reached XP level 4. HP: 7/29 MP: 4/4
  1705 | D:2      | Noticed Natasha
  1730 | D:2      | Killed Natasha
  2035 | D:2      | Noticed Natasha
  2044 | D:2      | Killed Natasha
  2122 | D:2      | Reached XP level 5. HP: 33/33 MP: 5/5
  2352 | D:2      | Noticed Natasha
  2365 | D:2      | Killed Natasha
  2660 | D:3      | Found a runed translucent door.
  2661 | D:3      | Noticed Crazy Yiuf
  3136 | D:3      | Noticed a sky beast
  3152 | D:3      | Killed a sky beast
  3153 | D:3      | Reached skill level 1 in Short Blades
  3153 | D:3      | Reached XP level 6. HP: 36/38 MP: 6/6
  3319 | D:3      | Killed Crazy Yiuf
  3517 | D:4      | Reached skill level 1 in Stealth
  3518 | D:4      | Reached skill level 1 in Dodging
  3599 | D:4      | Found a shimmering altar of Xom.
  3603 | D:4      | Found a glowing golden altar of the Shining One.
  3610 | D:4      | Found a snail-covered altar of Cheibriados.
  3613 | D:4      | Noticed Grinder
  3613 | D:4      | Noticed Edmund
  3619 | D:4      | Paralysed by Grinder for 4 turns
  3623 | D:4      | Slain by Edmund

Illustrated notes

Levels and vault maps discovered:
D:1:      saegor_arrival_simple_b, layout_loops_ring,
          shapermc_ecumenical_altar_gd
D:2:      layout_basic, uniq_robin, uniq_natasha
D:3:      layout_rooms, minmay_divided_ellipse, uniq_crazy_yiuf_cottage
D:4:      layout_gridville, grunt_temple_overflow_open,
          kennysheep_generic_room_12, uniq_grinder, uniq_edmund

Skill      XL: |  1  2  3  4  5  6 |
---------------+-------------------+-----
Maces & Flails | 3 4 |  4.0
Armour         | 4 |  4.7
Fighting       | 4 |  4.2
Short Blades   | 1 2 |  2.4
Shields        | 4 |  4.1
Stealth        | 1 |  1.0
Dodging        | 1 |  1.0
Staves         | |  0.1
Unarmed Combat | |  0.6

Action                   |  1- 3 |  4- 6 || total
-------------------------+-------+-------++-------
Melee: Flail             |    91 |       ||    91
       Short sword       |       |   151 ||   151
       Unarmed           |       |     9 ||     9
       Quarterstaff      |       |    10 ||    10
Evoke: Wand              |       |     1 ||     1
Armor: Scale mail        |    52 |    76 ||   128
Dodge: Dodged            |    40 |    60 ||   100
Block: Buckler           |    23 |    21 ||    44
